Workbook
Name A: #REF!
Name A: #REF!
Name A: #REF!
Name AA: #REF!
Name AA: #REF!
Name AA: #REF!
Name AB: #REF!
Name AB: #REF!
Name AB: #REF!
Name AC: #REF!
Name AC: #REF!
Name AC: #REF!
Name AD: #REF!
Name AD: #REF!
Name AD: #REF!
Name AE: #REF!
Name AE: #REF!
Name AE: #REF!
Name B: #REF!
Name B: #REF!
Name B: #REF!
Name D: #REF!
Name D: #REF!
Name D: #REF!
Name E: #REF!
Name E: #REF!
Name E: #REF!

Sheet SH_作成依頼書_1
A1: ご販売店様 ⇒シャープ⇒ 前川印刷行
A3: 「2026エアコン大判チラシ」刷込依頼書①
A4: ◆ご注文の際は別途注文書Bが必要です。◆
A5: ①申込日 | S5: ②希望納期
F6: 月 | K6: 日 | V6: 月 | Z6: 日 | AB6: 原稿到着日より １０日間（土日除く）必要です
A8: ③チラシ送付先
A9: 宛名 | Z9: ＴＥＬ
A12: 住所
A15: ④申込内容 ※金額は右記価格表を参照ください
A16: 配送先エリアを選択 | U16: ■斡旋価格
H17: =IF(H16="配送先をご選択ください","※配送先をプルダウンより選択ください","") | U17: エアコン大判チラシ斡旋価格
A18: 内 容 | H18: 数量 | L18: 金 額（税別） | U18: 申込単位 | AB18: 斡旋価格（税別）
A19: エアコン大判チラシ | K19: 枚 | L19: =H19*45 -> 0 | Q19: 円 | U19: ３００枚以上 １００枚毎 | AB19: 単価 ４５円
U20: ※300枚未満の場合も300枚の費用がかかります
A21: ビニール封筒（角2） | K21: 枚 | L21: =H21*9 -> 0 | Q21: 円 | U21: ビニール封筒斡旋価格（※サイズにご注意ください。）
U22: 種類 | W22: 申込単位 | AA22: サイズ | AE22: 斡旋価格（税別）
A23: ビニール封筒（A4） | K23: 枚 | L23: =H23*8.2 -> 0 | Q23: 円 | U23: 角2 | W23: １００枚毎 | AA23: 240×332 | AE23: 単価 ９円
U24: A4 | W24: １００枚毎 | AA24: 220×302 | AE24: 単価 ８.２円
A25: 送 料 | H25: =IF(リスト!L4<=2499000,1,IF(リスト!L4<=4999000,2,IF(リスト!L4<=7499000,3,IF(リスト!L4<=9999000,4,IF(リスト!L4<=12499000,5,IF(リスト!L4<=14999000,6,IF(リスト!L4<=17499000,7,IF(リスト!L4<=19999000,8,IF(リスト!L4<=22499000,9,"要見積"))))))))) -> 1 | K25: 箱 | L25: =IF(H16=リスト!C1,リスト!D1,IF(H16=リスト!C2,リスト!D2,IF(H16=リスト!C3,リスト!D3,0)))*SH_作成依頼書_1!H25 -> 0 | Q25: 円 | U25: 送 料（刷込み申し込み時のみ必要）
U26: エリア | Z26: 部 数 | AD26: 金 額（税別）
A27: 合 計 （ご販売店請求金額） | L27: =SUM(L19:P26) -> 0 | Q27: 円 | U27: 北海道・東北 | Z27: １，０００枚毎に | AD27: ２，５００円
U28: 関東～九州 | Z28: １，０００枚毎に | AD28: ２，０００円
H29: =IF(H19="","※数量をプルダウンよりご選択ください","") -> ※数量をプルダウンよりご選択ください | U29: 沖縄 | Z29: １，０００枚毎に | AD29: ３，０００円
A30: ⑤お申込み確認
A31: （ご販売店名）
AC32: 年 | AF32: 月 | AH32: 日
AE34: （捺印）

Sheet SH_作成依頼書_2
A1: ご販売店様 ⇒シャープ⇒ 前川印刷行
A2: 「2026エアコン大判チラシ」刷込依頼書②
A4: ●セール期間（※必須） | M4: ●校正確認先
A5: 月 日（ ）～ 月 日（ ） | M5: 氏名：
M6: ＴＥＬ：
A7: ●消費税の表記（必ずご指定ください） | E7: 〇 | F7: 税込のみ | M7: メール：
E8: 〇 | F8: 税込・税別（両方表記） | M8: ＦＡＸ：
A9: ●販売価格（表面） | M9: お申し込み店印
B10: 品 名 | C10: 型 番 | D10: 色コード | E10: 税込価格 | H10: 税別価格
A11: 1 | B11: エアコン | C11: AC-22UFR | E11: 税込 | G11: 円 | H11: 税別 | J11: 円
A12: 2 | B12: エアコン | C12: AC-25UFR | E12: 税込 | G12: 円 | H12: 税別 | J12: 円 | T12: （捺印）
A13: 3 | B13: エアコン | C13: AC-28UFR | E13: 税込 | G13: 円 | H13: 税別 | J13: 円
A14: 4 | B14: エアコン | C14: AC-36UFR | E14: 税込 | G14: 円 | H14: 税別 | J14: 円
A15: 5 | B15: エアコン | C15: AC-40UFR2 | E15: 税込 | G15: 円 | H15: 税別 | J15: 円
A16: 6 | B16: エアコン | C16: AC-56UFR2 | E16: 税込 | G16: 円 | H16: 税別 | J16: 円
A17: 7 | B17: エアコン | C17: AC-63UFR2 | E17: 税込 | G17: 円 | H17: 税別 | J17: 円
A18: 8 | B18: エアコン | C18: AC-71UFR2 | E18: 税込 | G18: 円 | H18: 税別 | J18: 円
A19: 9 | B19: エアコン | C19: AC-22UFH | E19: 税込 | G19: 円 | H19: 税別 | J19: 円
A20: 10 | B20: エアコン | C20: AC-25UFH | E20: 税込 | G20: 円 | H20: 税別 | J20: 円
A21: 11 | B21: エアコン | C21: AC-28UFH | E21: 税込 | G21: 円 | H21: 税別 | J21: 円
A22: 12 | B22: エアコン | C22: AC-40UFH | E22: 税込 | G22: 円 | H22: 税別 | J22: 円
A23: 13 | B23: エアコン | C23: AC-56UFH2 | E23: 税込 | G23: 円 | H23: 税別 | J23: 円
A24: 14 | B24: エアコン | C24: AC-22THV | E24: 税込 | G24: 円 | H24: 税別 | J24: 円
... A35: 25 | B35: エアコン | C35: AC-56TFE2 | E35: 税込 | G35: 円 | H35: 税別 | J35: 円
A36: 26 | B36: エアコン | C36: AC-22UFT | E36: 税込 | G36: 円 | H36: 税別 | J36: 円 | L36: ●エアコン工事費の表示
A37: 27 | B37: エアコン | C37: AC-25UFT | E37: 税込 | G37: 円 | H37: 税別 | J37: 円 | L37: エアコン工事費負担の有無の表示 | P37: 標準工事費込 ・ 工事費別
A38: 28 | B38: エアコン | C38: AC-28UFT | E38: 税込 | G38: 円 | H38: 税別 | J38: 円 | L38: エアコン標準取付工事費の一例 | P38: 税込 | S38: 税別
A39: 29 | B39: エアコン | C39: AC-36UFT | E39: 税込 | G39: 円 | H39: 税別 | J39: 円 | L39: 標準取付工事費用 | R39: 円 | U39: 円
A40: 30 | B40: エアコン | C40: AC-40UFT2 | E40: 税込 | G40: 円 | H40: 税別 | J40: 円 | L40: 標準配管パイプ（４ｍ） | R40: 円 | U40: 円
A41: 31 | B41: エアコン | C41: AC-56UFT2 | E41: 税込 | G41: 円 | H41: 税別 | J41: 円 | L41: 合計 | P41: =SUM(P39:Q40) -> 0 | R41: 円 | S41: =SUM(S39:T40) -> 0 | U41: 円

Sheet 記入不要
A1: エアコン | B1: AC-22UFR | C1: 1 | D1: 税込 | E1: =SH_作成依頼書_2!F11 -> 0 | I1: 税別 | J1: =SH_作成依頼書_2!I11 -> 0
A2: エアコン | B2: AC-25UFR | C2: 2 | D2: 税込 | E2: =SH_作成依頼書_2!F12 -> 0 | I2: 税別 | J2: =SH_作成依頼書_2!I12 -> 0
A3: エアコン | B3: AC-28UFR | C3: 3 | D3: 税込 | E3: =SH_作成依頼書_2!F13 -> 0 | I3: 税別 | J3: =SH_作成依頼書_2!I13 -> 0
A4: エアコン | B4: AC-36UFR | C4: 4 | D4: 税込 | E4: =SH_作成依頼書_2!F14 -> 0 | I4: 税別 | J4: =SH_作成依頼書_2!I14 -> 0
A5: エアコン | B5: AC-40UFR2 | C5: 5 | D5: 税込 | E5: =SH_作成依頼書_2!F15 -> 0 | I5: 税別 | J5: =SH_作成依頼書_2!I15 -> 0
A6: エアコン | B6: AC-56UFR2 | C6: 6 | D6: 税込 | E6: =SH_作成依頼書_2!F16 -> 0 | I6: 税別 | J6: =SH_作成依頼書_2!I16 -> 0
A7: エアコン | B7: AC-63UFR2 | C7: 7 | D7: 税込 | E7: =SH_作成依頼書_2!F17 -> 0 | I7: 税別 | J7: =SH_作成依頼書_2!I17 -> 0
A8: エアコン | B8: AC-71UFR2 | C8: 8 | D8: 税込 | E8: =SH_作成依頼書_2!F18 -> 0 | I8: 税別 | J8: =SH_作成依頼書_2!I18 -> 0
A9: エアコン | B9: AC-22UFH | C9: 9 | D9: 税込 | E9: =SH_作成依頼書_2!F19 -> 0 | I9: 税別 | J9: =SH_作成依頼書_2!I19 -> 0
A10: エアコン | B10: AC-25UFH | C10: 10 | D10: 税込 | E10: =SH_作成依頼書_2!F20 -> 0 | I10: 税別 | J10: =SH_作成依頼書_2!I20 -> 0
A11: エアコン | B11: AC-28UFH | C11: 11 | D11: 税込 | E11: =SH_作成依頼書_2!F21 -> 0 | I11: 税別 | J11: =SH_作成依頼書_2!I21 -> 0
A12: エアコン | B12: AC-40UFH | C12: 12 | D12: 税込 | E12: =SH_作成依頼書_2!F22 -> 0 | I12: 税別 | J12: =SH_作成依頼書_2!I22 -> 0
... A31: エアコン | B31: AC-56UFT2 | C31: 31 | D31: 税込 | E31: =SH_作成依頼書_2!F41 -> 0 | I31: 税別 | J31: =SH_作成依頼書_2!I41 -> 0
A38: エアコン取付工事費 | B38: 標準取付工事 | D38: 税込 | E38: =SH_作成依頼書_2!P39 -> 0 | I38: 税別 | J38: =SH_作成依頼書_2!S39 -> 0
B39: 配管パイプ | D39: 税込 | E39: =SH_作成依頼書_2!P40 -> 0 | I39: 税別 | J39: =SH_作成依頼書_2!S40 -> 0
B40: 合計 | D40: 税込 | E40: =SH_作成依頼書_2!P41 -> 0 | I40: 税別 | J40: =SH_作成依頼書_2!S41 -> 0
E42: =[1]作成依頼書_2!A5 -> 月 日（ ）～ 月 日（ ）

Sheet リスト
A1: 300 | C1: 沖縄 | D1: 3000 | F1: 100 | H1: 大判 | I1: 100 | J1: 2400 | L1: =J1*SH_作成依頼書_1!H19 -> 0
A2: 400 | C2: 関東～九州 | D2: 2000 | F2: 200 | H2: TK-1 | I2: 100 | J2: 850 | L2: =J2*SH_作成依頼書_1!H21 -> 0
A3: 500 | C3: 北海道・東北 | D3: 2500 | F3: 300 | H3: TK-7 | I3: 100 | J3: 700 | L3: =J3*SH_作成依頼書_1!H23 -> 0
A4: 600 | C4: 配送先をご選択ください | D4: 0 | F4: 400 | L4: =SUM(L1:L3) -> 0
A5: 700 | F5: 500
A6: 800 | F6: 600
A7: 900 | F7: 700
A8: 1000 | F8: 800
A9: 1100 | F9: 900
A10: 1200 | F10: 1000
A11: 1300 | F11: 1100
A12: 1400 | F12: 1200
A13: 1500 | F13: 1300
A14: 1600 | F14: 1400
A15: 1700 | F15: 1500
A16: 1800 | F16: 1600
... A98: 10000 | F98: 9800
F99: 9900
F100: 10000
